 Dungeon Crawl Stone Soup version 0.30-a0-989-g0d87f670db (webtiles) character file.

Game seed: 12900871388198525269

24 Maxmaps the Trooper (level 2, -3/25 HPs)
             Began as a Demonspawn Monk on Apr 3, 2023.
             Slain by a worm (9 damage)
             ... on level 2 of the Dungeon.
             The game lasted 00:01:01 (641 turns).

Maxmaps the Trooper (Demonspawn Monk)                Turns: 641, Time: 00:01:02

Health: -3/25      AC:  5    Str: 11    XL:     2   Next: 79%
Magic:  2/2        EV: 11    Int: 11    God:
Gold:   44         SH:  0    Dex: 21    Spells: 1/1 levels left

rFire   . . .      SeeInvis .      - Unarmed
rCold   . . .      Faith    .    (no shield)
rNeg    . . .      Spirit   .    c - +0 ring mail
rPois   .          Reflect  .    (helmet restricted)
rElec   .          Rampage  .    (no cloak)
rCorr   .                        (no gloves)
Will    .....                    (no boots)
Stlth   ++                       (no amulet)
HPRegen 0.24/turn                h - +6 ring of dexterity
MPRegen 0.08/turn                (no ring)

@: no status effects
A: antennae 1
a: no special abilities


You were on level 2 of the Dungeon.
You visited 1 branch of the dungeon, and saw 2 of its levels.

You collected 44 gold pieces.

Inventory:

Armour
 a - a +0 robe
 c - a +0 ring mail (worn)
Jewellery
 h - a +6 ring of dexterity (left hand)
Scrolls
 d - a scroll of identify {unknown}
 e - 3 scrolls of immolation {unknown}
 f - a scroll of vulnerability {unknown}
 i - a scroll of blinking {unknown}
 j - a scroll of teleportation {unknown}
 l - a scroll of fog {unknown}
 m - a scroll of noise {unknown}
Potions
 b - a potion of ambrosia
 g - a potion of invisibility {unknown}
 k - a potion of haste {unknown}


   Skills:
 + Level 4.1 Fighting
 - Level 2.6 Dodging
 - Level 1.7 Stealth
 - Level 2.6 Unarmed Combat


You had one spell level left.
You didn't know any spells.
Your spell library was empty.

Dungeon Overview and Level Annotations

Branches:
Dungeon (2/15)

Altars:

Shops:
D:1 [


Innate Abilities, Weirdness & Mutations

You have a pair of small antennae on your head.


Message History

The worm is moderately wounded.
The bat barely misses you. The worm bites you!
You are too injured to fight recklessly!
You are too injured to fight recklessly!
You are too injured to fight recklessly!
You are too injured to fight recklessly!
You are too injured to fight recklessly!
You are too injured to fight recklessly!
You are too injured to fight recklessly!
You are too injured to fight recklessly!
You are too injured to fight recklessly!
You are too injured to fight recklessly!
You are too injured to fight recklessly!
You are too injured to fight recklessly!
You are too injured to fight recklessly!
You are too injured to fight recklessly!
You are too injured to fight recklessly!
You are too injured to fight recklessly!
You are too injured to fight recklessly!
You are too injured to fight recklessly!
You are too injured to fight recklessly!
You are too injured to fight recklessly!
You are too injured to fight recklessly!
You hit the worm.
The worm is heavily wounded.
The bat barely misses you.
You hit the worm.
The worm is severely wounded.
The bat completely misses you. The worm bites you.
* * * LOW HITPOINT WARNING * * *
You hit the bat but do no damage. The bat barely misses you.
You hit the worm.
The worm is severely wounded.
The worm bites you but does no damage.
You hit the worm.
The worm is almost dead.
You hit the worm but do no damage.
The worm is almost dead.
The worm bites you!
You die...

#.......## .........#
.........# .........# ##
....)....# .. .........#
.. #...)...####### .#
.....>........#####..###.
..............bw@........
.........#...#.####.####.
.........#†..#.# #
.........#...#.#..
#.......##.......#
##....?###...###.. ######
#.>..# #.#..# #.#..##


You could see a worm and a bat.

Vanquished Creatures
  5 ball pythons
  4 endoplasms (D:1)
  A kobold (D:2)
  2 quokkas (D:1)
  2 bats (D:1)
  A frilled lizard (D:1)
  4 goblins
  4 rats (D:1)
23 creatures vanquished.

Vanquished Creatures (others)
  2 withered plants (D:1)
2 creatures vanquished.

Grand Total: 25 creatures vanquished

Notes
Turn   | Place    | Note
-------+----------+-------------------------------------------
     0 | D:1      | Maxmaps the Demonspawn Monk began the quest for the Orb.
     0 | D:1      | Reached XP level 1. HP: 18/18 MP: 1/1
    86 | D:1      | Found a faded altar of an unknown god.
   216 | D:1      | Gained mutation: You have a pair of small antennae on your
                  | head. [demonic ancestry]
   216 | D:1      | Reached XP level 2. HP: 24/24 MP: 2/2
   229 | D:1      | Found Ferejeh's Armour Shop.
   452 | D:1      | Reached skill level 4 in Fighting
   641 | D:2      | Slain by a worm

Illustrated notes

Levels and vault maps discovered:
D:1:      ncdulo_wetmaze, layout_basic, serial_shops,
          nicolae_shop_temple_entry_statues_fountains,
          ebering_ecumenical_altar_petrified
D:2:      layout_rooms, basic_altar, minmay_misc_feat_hallway, uniq_jessica,
          uniq_robin

Skill      XL: |  1  2 |
---------------+-------+-----
Fighting       | 4 |  4.1
Dodging        | |  2.6
Stealth        | |  1.7
Unarmed Combat | |  2.6

Action                     || total
---------------------------++-------
  Melee: Unarmed           ||    85
         Punch             ||     1
   Stab: Sleeping          ||     2
 Armour: Ring mail         ||    44
         Robe              ||     2
  Dodge: Dodged            ||    74

Table legend: (Time is in decaauts)
 A = Elapsed time spent in this place.
 B = Non-inter-level travel time spent in this place.
 C = Inter-level travel time spent in this place.
 D = Time resting spent in this place.
 E = Time spent auto-exploring this place.
 F = Levels seen in this place.
 G = Mean time per level.
                   A        B        C        D        E       F      G
               +--------+--------+--------+--------+--------+-----+--------+
         Total |    644 |    624 |     20 |      0 |    407 |   2 |  322.0 |
       Dungeon |    644 |    624 |     20 |      0 |    407 |   2 |  322.0 |
               +--------+--------+--------+--------+--------+-----+--------+

Top non-repeatable levels by time:
     D:1: 576 daAuts
     D:2: 68 daAuts
